 Dungeon Crawl Stone Soup version 0.27-a0-1149-g4505690ab0 (webtiles) character file.

Game seed: 13132827339718810432

357 robertstho the Magician (level 6, 0/41 HPs)
             Began as a Djinni Hedge Wizard on May 12, 2021.
             Was an Initiate of Ashenzari.
             Slain by a scorpion (7 damage)
             ... on level 4 of the Dungeon.
             The game lasted 00:08:50 (5944 turns).

robertstho the Magician (Djinni Hedge Wizard)       Turns: 5944, Time: 00:08:51

Health: 0/41       AC:  3    Str: 15    XL:     6   Next: 96%
Gold:   96         EV: 12    Int: 24    God:    Ashenzari [......] SH:  0 Dex: 12

rFire    + + .     SeeInvis .   q - +0 long sword
rCold    x . .     Faith    .   (no shield)
rNeg     . . .     Spirit   .   b - +0 robe
rPois    ∞         Reflect  .   c - +0 hat
rElec    .         Harm     .   (no cloak)
rCorr    .         Rampage  .   h - +0 pair of gloves
Will     .....                  (boots unavailable)
Stlth    ++........             (no amulet)
HPRegen  0.13/turn              d - +6 ring of intelligence
MPRegen  0.00/turn              j - +6 ring of strength

@: flying
A: sickness immunity, fire resistance 2, cold vulnerability 1, float, innate
caster, hp casting, extra vitality 1
a: Renounce Religion


You were on level 4 of the Dungeon.
You worshipped Ashenzari.
Ashenzari was noncommittal.
You visited 1 branch of the dungeon, and saw 4 of its levels.

You collected 96 gold pieces.

Inventory:

Hand Weapons
 a - a +0 dagger
 f - a +0 dagger
 q - a +0 long sword (weapon)
Missiles
 s - 14 curare-tipped darts
Armour
 b - a +0 robe (worn)
 c - a +0 hat (worn)
 h - a +0 pair of gloves (worn)
Magical Staves
 g - a staff of air
Jewellery
 d - a +6 ring of intelligence (left hand)
 j - a +6 ring of strength (right hand)
Scrolls
 e - a scroll of magic mapping
 i - a scroll of blinking
 k - 4 scrolls of teleportation
 m - a scroll of enchant armour
 r - 3 scrolls of fear
Potions
 l - a potion of curing


   Skills:
 + Level 0.9 Fighting
 + Level 1.3 Long Blades
 + Level 3.1 Dodging
 + Level 2.6 Stealth
 + Level 4.7 Spellcasting


You couldn't memorise any spells.
You knew the following spells:

 Your Spells              Type           Power      Damage    Failure   Level
a - Magic Dart            Conj           100%       1d8       1%          1
b - Blink                 Tloc           N/A        N/A       1%          2
c - Call Imp              Summ           28%        N/A       1%          2
d - Slow                  Hex            28%        N/A       1%          2
e - Conjure Flame         Conj/Fire      28%        6-21      4%          3
f - Mephitic Cloud        Conj/Pois/Air  28%        N/A       4%          3
g - Sting                 Tmut/Pois      100%       1d8       1%          1
h - Poisonous Vapours     Pois/Air       56%        N/A       1%          2
Your spell library was empty.

Dungeon Overview and Level Annotations

Branches:
Dungeon (4/15)
 Temple: D:4-7

Altars:
Ashenzari
Kikubaaqudgha
Makhleb
Uskayaw
Vehumet
Wu Jian


Innate Abilities, Weirdness & Mutations

You are immune to sickness and miasma.
You are immune to poison.
Your flesh is very heat resistant. (rF++)
You are vulnerable to cold. (rC-)
You float through the air rather than walking.
You learn spells naturally, not from books.
Your magical power is your life essence.
You have superior vitality. (+4 HP)


Message History

Unknown command.
The scorpion seems less confused.
The scorpion stings your crimson imp.
Your crimson imp blinks!
You swap places.
The quokka twitches its whiskers.
The scorpion completely misses your crimson imp.
Aiming: Magic Dart (safe; 1% risk of failure)
Press: ? - help, Q - select action, (/) - cycle Shift-Dir - straight line, f/p - scorpion
Aim: a scorpion (heavily wounded, ally target, 100% to hit)
Really fire in your crimson imp's direction?
Okay, then.
Aiming: Magic Dart (safe; 1% risk of failure)
Press: ? - help, Q - select action, (/) - cycle Shift-Dir - straight line, f - quokka, p - scorpion
Aim: a quokka (100% to hit)
The magic dart hits the quokka but does no damage.
* * * LOW HITPOINT WARNING * * *
Your crimson imp barely misses the scorpion.
The scorpion stings your crimson imp!
Your crimson imp hits the scorpion but does no damage.
The scorpion stings your crimson imp. The scorpion misses your crimson imp.
Your crimson imp hits the scorpion but does no damage.
The scorpion barely misses your crimson imp.
Your crimson imp hits the scorpion.
The scorpion completely misses your crimson imp.
Your crimson imp blinks!
The scorpion stings you.
* * * LOW HITPOINT WARNING * * *
The quokka closely misses you.
The quokka bites your crimson imp but does no damage.
The scorpion stings your crimson imp.
Your crimson imp is poisoned.
The scorpion poisons your crimson imp!
Your crimson imp barely misses the scorpion.
The quokka bites your crimson imp. The scorpion stings your crimson imp.
Your crimson imp dies!
There is a stone staircase leading down here.
Found 11 gold pieces.
Found an escape hatch in the floor.
The scorpion stings you!
You die...

.##.....## ######.....###
##.#...#.## ###............#
#.8.8.8.8.## #.+............#
...........###.#............#
.....(.....'.#'#............#
.[.........#................#
#.8.8.8.8.##....r...........#
##.#...#.###....s############
.##.....## ##...@.......
####...# #...<....>.. ##+#
#........... ###.........
#......... #.........
#...$..... #.........


You could see a scorpion and a quokka.

Vanquished Creatures
  A bullfrog (D:4)
  2 orc priests (D:3)
  3 orc wizards (D:3)
  4 adders
  A worm (D:3)
  3 dart slugs
  10 orcs
  5 endoplasms
  3 giant cockroaches
  15 goblins
  12 hobgoblins
  7 jackals (D:2)
  2 quokkas (D:2)
  8 ball pythons
  A frilled lizard (D:1)
  A kobold (D:2)
  6 rats
84 creatures vanquished.

Vanquished Creatures (collateral kills)
  A centaur skeleton (D:4)
1 creature vanquished.

Grand Total: 85 creatures vanquished

Notes
Turn   | Place    | Note
-------+----------+-------------------------------------------
     0 | D:1      | robertstho the Djinni Hedge Wizard began the quest for the
                  | Orb.
     0 | D:1      | Reached XP level 1. HP: 15/15 MP: 0/0
   633 | D:1      | Reached XP level 2. HP: 16/21 MP: 0/0
   700 | D:1      | Found a faded altar of an unknown god.
  1239 | D:1      | Reached skill level 3 in Spellcasting
  1449 | D:1      | Reached XP level 3. HP: 5/25 MP: 0/0
  1449 | D:1      | Learned a level 1 spell: Sting
  2671 | D:2      | Reached XP level 4. HP: 19/31 MP: 0/0
  3941 | D:3      | Found an ornate altar of the Wu Jian Council.
  4033 | D:3      | Reached XP level 5. HP: 7/35 MP: 0/0
  4033 | D:3      | Learned a level 2 spell: Poisonous Vapours
  4363 | D:3      | Found a broken altar of Ashenzari.
  4366 | D:3      | Found a hide-covered altar of Uskayaw.
  4382 | D:3      | Reached skill level 4 in Spellcasting
  4385 | D:3      | Became a worshipper of Ashenzari the Shackled
  4727 | D:3      | Reached XP level 6. HP: 26/40 MP: 0/0
  5173 | D:3      | Found a burning altar of Makhleb.
  5511 | D:4      | Reached skill level 1 in Long Blades
  5944 | D:4      | Slain by a scorpion

Illustrated notes

Levels and vault maps discovered:
D:1:      minmay_arrival_three_doors, layout_loops_corners,
          hellmonk_ecumenical_altar_arch_garden, st_stairs_8,
          chequers_serial_rivers_small_b
D:2:      layout_basic
D:3:      layout_loops_cross, chequers_temple_overflow_statue_of_worship,
          old_standard_altar
D:4:      layout_basic, vehumet_crystals, temple_doors_e,
          gammafunk_ghost_stat_death, dk_noncrumbling_3, serial_bayou_pond_e,
          minivault_25

Skill      XL: |  1  2  3  4  5  6 |
---------------+-------------------+-----
Spellcasting   | 3 4 |  4.7
Stealth        | 2 |  2.6
Long Blades    | 1 |  1.3
Dodging        | 3 |  3.1
Fighting       | |  0.9

Action                   |  1- 3 |  4- 6 || total
-------------------------+-------+-------++-------
Melee: Long sword        |       |    43 ||    43
       Dagger            |       |     2 ||     2
 Cast: Magic Dart        |    84 |    70 ||   154
       Mephitic Cloud    |     2 |    11 ||    13
       Poisonous Vapours |       |    22 ||    22
       Call Imp          |       |     2 ||     2
  Use: Scroll            |     2 |     2 ||     4
       Potion            |       |     3 ||     3
 Stab: Sleeping          |       |     1 ||     1
Armor: Robe              |     2 |    11 ||    13
Dodge: Dodged            |    15 |    36 ||    51
       Rpst.: Long sword |       |     8 ||     8

Table legend: (Time is in decaauts)
 A = Elapsed time spent in this place.
 B = Non-inter-level travel time spent in this place.
 C = Inter-level travel time spent in this place.
 D = Time resting spent in this place.
 E = Time spent auto-exploring this place.
 F = Levels seen in this place.
 G = Mean time per level.
                   A        B        C        D        E       F      G
               +--------+--------+--------+--------+--------+-----+--------+
         Total |   5958 |   5708 |    250 |    257 |   4901 |   4 | 1489.5 |
       Dungeon |   5958 |   5708 |    250 |    257 |   4901 |   4 | 1489.5 |
               +--------+--------+--------+--------+--------+-----+--------+

Top non-repeatable levels by time:
     D:1: 2281 daAuts
     D:2: 1692 daAuts
     D:3: 1526 daAuts
     D:4: 458 daAuts
